 Dungeon Crawl Stone Soup version 0.23.2-1-ga50397a6bc (webtiles) character file.

Game seed: 17863625504235601897

16 Descartes the Ducker (level 2, 0/21 HPs)
             Began as an Octopode Fighter on May 18, 2019.
             Succumbed to an adder's poison
             ... on level 2 of the Dungeon on May 19, 2019.
             The game lasted 00:02:19 (1006 turns).

Descartes the Ducker (Octopode Fighter)             Turns: 1006, Time: 00:02:20

Health: 0/21       AC:  1    Str: 15    XL:     2   Next: 54%
Magic:  2/2        EV: 11    Int: 10    God:
Gold:   35         SH:  8    Dex: 11    Spells: 1/1 levels left

rFire    . . .     SeeInvis .   a - +0 war axe
rCold    . . .     Gourm    .   b - +0 shield
rNeg     . . .     Faith    .   (helmet restricted)
rPois    .         Spirit   .   (no amulet)
rElec    .         Reflect  .   (no ring)
rCorr    .         Harm     .   (no ring)
MR       .....                  (no ring)
Stlth    ++........             (no ring)
HPRegen  0.07/turn              (no ring)
MPRegen  0.08/turn              (no ring)
                                (no ring)
                                (no ring)

@: lethally poisoned (0 -> -6)
A: almost no armour, stealthy swim, amphibious, 8 rings, constrict 8, camouflage
1, gelatinous body 1
a: no special abilities


You were on level 2 of the Dungeon.
You were not hungry.

You visited 1 branch of the dungeon, and saw 2 of its levels.

You collected 35 gold pieces.

Inventory:

Hand Weapons
 a - a +0 war axe (weapon)
Missiles
 e - 56 stones (quivered)
 j - 9 sling bullets
Armour
 b - a +0 shield (worn)
Scrolls
 g - 3 scrolls of identify {unknown}
 h - a scroll of remove curse {unknown}
 k - a scroll of blinking {unknown}
Potions
 c - a potion of might
 f - a potion of flight {unknown}
 i - a potion of lignification {unknown}
 m - a potion of heal wounds {unknown}
Comestibles
 d - 3 rations
 l - 3 chunks of flesh


   Skills:
 + Level 3.0 Fighting
 + Level 2.1 Axes
 * Level 3.3 Dodging
 + Level 0.7 Stealth
 * Level 3.2 Shields


You had one spell level left.
You didn't know any spells.
Your spell library was empty.

Dungeon Overview and Level Annotations

Branches:
Dungeon (2/15)

Altars:


Innate Abilities, Weirdness & Mutations

You cannot wear most types of armour.
You are very stealthy in the water. (Stealth+)
You are amphibious.
You can wear up to eight rings at the same time.
You can use your tentacles to constrict eight enemies at once.
Your skin changes colour to match your surroundings (Stealth+).
Your rubbery body absorbs attacks. (AC +1, EV +1)


Message History

You are too injured to fight recklessly!
You are too injured to fight recklessly!
You are too injured to fight recklessly!
You hit the adder. Your grab misses the adder.
The adder is almost dead.
The adder bites you.
* * * LOW HITPOINT WARNING * * *
The adder bites you.
* * * LOW HITPOINT WARNING * * *
You block the hobgoblin's attack.
Your shield prevents you from hitting the adder.
Your grab misses the adder. Your squeeze misses the adder.
The adder is severely wounded.
The adder barely misses you. The adder bites you.
* * * LOW HITPOINT WARNING * * *
You are lethally poisoned!
The adder poisons you!
You miss the adder. Your grab misses the adder. Your squeeze misses the adder.
The adder is severely wounded.
You die...

##########
############........#
.....รท..........>...#
#########.##........#
..........#........#
########..#........#
...........###'####
.#.........# #@#
#.####....#
#S#########
#.......###
#g........# #..###.##
#.........# #<.# #.#
#.........# ##.# #.#
#.........# #.[^..#
#.# #.........#
#..#### #.#
#.......(.. .. ...
..######...


You could see an adder and a hobgoblin.

Vanquished Creatures
  A leopard gecko (D:2)
  2 giant cockroaches
  2 goblins (D:1)
  A hobgoblin (D:1)
  2 ball pythons (D:1)
  A bat (D:1)
  2 frilled lizards (D:1)
  2 kobolds (D:1)
  A rat (D:1)
14 creatures vanquished.

Notes
Turn   | Place    | Note
-------+----------+-------------------------------------------
     0 | D:1      | Descartes the Octopode Fighter began the quest for the Orb.
     0 | D:1      | Reached XP level 1. HP: 16/16 MP: 1/1
   387 | D:1      | Reached XP level 2. HP: 19/21 MP: 2/2
  1005 | D:2      | HP: 1/21 [adder (2)]
  1006 | D:2      | Succumbed to an adder's poison

Action                   || total
-------------------------++-------
Melee: War axe           ||    30
       Constrict         ||     8
       Tentacles         ||     4
 Stab: Sleeping          ||     2
Armor: Skin              ||     4
Dodge: Dodged            ||    12
Block: Shield            ||    12
